[Event "Titled Tuesday Blitz October 25 Late 2022"]
[White "Annaberdiyev, Babageldi"]
[Black "Aldokhin, Ivan"]
[WhiteFideId "14000385"]
[BlackFideId "24115720"]
[WhiteElo "2332"]
[BlackElo "2313"]
[Result "1-0"]
[Round "08"]
[TimeControl "180+1"]
[Date "2022.10.26"]
[WhiteClock "0:00:26"]
[BlackClock "0:00:02"]

1. e4 c5 2. Nf3 e6 3. d3 d5 4. Nbd2 Nc6 5. g3 Nf6 6. Bg2 Be7 7. O-O O-O 8. e5 Nd7 9. Re1 b5 10. Nf1 c4 11. d4 c3 12. b3 a5 13. a3 b4 14. a4 Ba6 15. Ne3 Qb6 16. h4 f6 17. Bh3 f5 18. Ng2 Rfe8 19. Bg5 Bf8 20. h5 h6 21. Bf4 Ne7 22. Qc1 Kh7 23. Kh2 Nc6 24. Qe3 Nc5 25. Rg1 Ne4 26. Rad1 Rac8 27. Ngh4 Nd2 28. Rxd2 cxd2 29. Qxd2 Ne7 30. g4 fxg4 31. Rxg4 Qc6 32. Ne1 Qc3 33. Bxh6 Qxd2 34. Bxd2 Nf5 35. Nxf5 exf5 36. Rg6 Kh8 37. Rxa6 Rc7 38. Bxf5 Rf7 39. Bg6 Rxf2+ 40. Kg3 Rxd2 41. Bxe8 Rd1 42. Nf3 1-0


[Site "https://www.chess.com"]

[Event "Titled Tuesday Blitz October 25 Late 2022"]
[White "Arabidze, Meri"]
[Black "Boruchovsky, Avital"]
[WhiteFideId "13604040"]
[BlackFideId "2800055"]
[WhiteElo "2403"]
[BlackElo "2466"]
[Result "1-0"]
[Round "08"]
[TimeControl "180+1"]
[Date "2022.10.26"]
[WhiteClock "0:01:02"]
[BlackClock "0:00:12"]

1. d4 Nf6 2. Nf3 c5 3. d5 b5 4. Bg5 Ne4 5. Bf4 a6 6. e3 Bb7 7. a4 Nf6 8. c4 d6 9. axb5 axb5 10. Rxa8 Bxa8 11. Nc3 Qa5 12. Bd3 b4 13. Nb5 Bb7 14. O-O Qb6 15. Qa4 Nfd7 16. Ra1 Na6 17. Bf5 Qd8 18. Bg5 f6 19. Bf4 g6 20. Be6 Qc8 21. h4 h5 22. Qc2 f5 23. Ng5 Qb8 24. Bf7+ Kd8 25. Bxg6 Rg8 26. Bxf5 Nf6 27. Ne6+ Ke8 28. Bg6+ Kd7 29. Qf5 1-0


[Site "https://www.chess.com"]

[Event "Titled Tuesday Blitz October 25 Late 2022"]
[White "Ardila, Oscar Humberto"]
[Black "Melikyan, Gnel"]
[WhiteFideId "4404742"]
[BlackFideId "54109990"]
[WhiteElo "1898"]
[BlackElo "2138"]
[Result "0-1"]
[Round "08"]
[TimeControl "180+1"]
[Date "2022.10.26"]
[WhiteClock "0:00:18"]
[BlackClock "0:00:21"]

1. d4 b6 2. Nf3 Bb7 3. e3 Nf6 4. Be2 g6 5. O-O Bg7 6. Nbd2 O-O 7. c4 d6 8. b3 e5 9. dxe5 Ng4 10. Bb2 Nc6 11. Nd4 Ngxe5 12. Nxc6 Bxc6 13. Bd4 Re8 14. Nf3 Qe7 15. h3 Rad8 16. Rc1 Bxf3 17. Bxf3 Nxf3+ 18. Qxf3 Bxd4 19. exd4 Qe4 20. Qc3 Qf4 21. Rfe1 Re4 22. Rxe4 Qxe4 23. Re1 Qh4 24. d5 Qf4 25. f3 h5 26. Re4 Qf5 27. g4 hxg4 28. hxg4 Qg5 29. Kg2 Qh4 30. Re1 Qg5 31. Rh1 Qe5 32. Qxe5 dxe5 33. Re1 Re8 34. f4 e4 35. f5 Kg7 36. Kg3 Kf6 37. Kf4 g5+ 38. Ke3 Rh8 39. Kxe4 Re8+ 40. Kf3 Rxe1 0-1


[Site "https://www.chess.com"]

[Event "Titled Tuesday Blitz October 25 Late 2022"]
[White "Ashiku, Franc"]
[Black "Fernandez Siles, Luis"]
[WhiteFideId "4700066"]
[BlackFideId "2209420"]
[WhiteElo "2306"]
[BlackElo "2186"]
[Result "1-0"]
[Round "08"]
[TimeControl "180+1"]
[Date "2022.10.26"]
[WhiteClock "0:00:11"]
[BlackClock "0:00:20"]

1. d4 Nf6 2. c4 g6 3. Nf3 Bg7 4. g3 O-O 5. Bg2 d6 6. O-O c6 7. b4 Nbd7 8. a4 e5 9. e3 e4 10. Nfd2 d5 11. Nc3 Re8 12. b5 h5 13. Ba3 Nf8 14. bxc6 bxc6 15. cxd5 cxd5 16. Nb5 Bg4 17. Qc2 Rc8 18. Qa2 Re6 19. Nxa7 Ra8 20. Bc5 N8d7 21. Nb5 Nxc5 22. dxc5 Nd7 23. Rac1 Ne5 24. Nd4 Rea6 25. c6 Rxa4 26. Qb3 Ra3 27. Qb5 Nd3 28. c7 Qg5 29. h4 Qe5 30. Rc2 Rc8 31. Qb7 Bh6 32. Nc6 Qd6 33. Na7 Rxa7 34. Qxa7 d4 35. Nxe4 Qe7 36. Qxd4 Nb4 37. Nf6+ Kf8 38. Nd7+ Bxd7 39. Rd1 Nxc2 40. Qh8# 1-0


[Site "https://www.chess.com"]

[Event "Titled Tuesday Blitz October 25 Late 2022"]
[White "Babazada, Khazar"]
[Black "Putnam, Liam"]
[WhiteFideId "13413554"]
[BlackFideId "30938279"]
[WhiteElo "2367"]
[BlackElo "2082"]
[Result "1-0"]
[Round "08"]
[TimeControl "180+1"]
[Date "2022.10.26"]
[WhiteClock "0:00:31"]
[BlackClock "0:00:01"]

1. e4 e6 2. d4 d5 3. Nc3 Bb4 4. e5 c5 5. a3 Bxc3+ 6. bxc3 Ne7 7. Nf3 Qc7 8. a4 Nbc6 9. Bd3 Nf5 10. Bxf5 exf5 11. O-O O-O 12. Ba3 b6 13. dxc5 Rd8 14. cxb6 axb6 15. Bd6 Qb7 16. Qxd5 Ra5 17. Qd3 Qa8 18. Rfd1 Rxa4 19. Rab1 Rg4 20. h3 Re4 21. Rxb6 h6 22. Qd5 Bb7 23. Rdb1 Rd7 24. Qc5 g5 25. Rxc6 Qa2 26. Rcb6 Rc4 27. Qb5 Bc8 28. Rb8 Kg7 29. Rxc8 Rxc8 30. Qxd7 Qxb1+ 31. Kh2 Rxc3 32. Nd4 Qc1 33. Nxf5+ Kg6 34. Ne7+ Kg7 35. e6 Qxc2 36. Be5+ Kh7 37. exf7 Qxf2 38. f8=Q Qxf8 39. Qe6 Re3 40. Qg6# 1-0


[Site "https://www.chess.com"]

[Event "Titled Tuesday Blitz October 25 Late 2022"]
[White "Baglan, Esat"]
[Black "Buscar, Michael"]
[WhiteFideId "6309216"]
[BlackFideId "2603616"]
[WhiteElo "2231"]
[BlackElo "2010"]
[Result "1-0"]
[Round "08"]
[TimeControl "180+1"]
[Date "2022.10.26"]
[WhiteClock "0:01:11"]
[BlackClock "0:00:37"]

1. e4 c6 2. Nc3 d6 3. Nf3 e5 4. d4 Qc7 5. a4 Bg4 6. Be3 Nf6 7. h3 Bh5 8. Be2 Nbd7 9. Nh4 Bg6 10. Nxg6 hxg6 11. d5 Be7 12. a5 c5 13. a6 bxa6 14. Rxa6 Qb7 15. Bb5 O-O 16. Qd3 Rab8 17. O-O Nb6 18. Rfa1 Nc8 19. b3 Ne8 20. Bc6 Qc7 21. Nb5 Rxb5 22. Qxb5 f5 23. Bxe8 1-0


[Site "https://www.chess.com"]

[Event "Titled Tuesday Blitz October 25 Late 2022"]
[White "Banzea, Alexandru-Bogdan"]
[Black "Koutlas, Nikolaos"]
[WhiteFideId "1232622"]
[BlackFideId "25827138"]
[WhiteElo "2294"]
[BlackElo "2167"]
[Result "0-1"]
[Round "08"]
[TimeControl "180+1"]
[Date "2022.10.26"]
[WhiteClock "0:00:02"]
[BlackClock "0:00:27"]

1. d4 Nf6 2. Bf4 Ne4 3. Nd2 Nxd2 4. Qxd2 f5 5. Nf3 e6 6. e3 Be7 7. Be2 b6 8. O-O Bb7 9. c4 d5 10. Ne5 Nd7 11. cxd5 Nxe5 12. Bxe5 Bxd5 13. Rac1 Bd6 14. Bb5+ Kf7 15. f4 Rg8 16. Bc6 g5 17. Bxd5 exd5 18. Rc6 gxf4 19. Rxf4 Rg5 20. Qf2 Qd7 21. Qc2 Rag8 22. g3 Qe6 23. Bxd6 Qxe3+ 24. Kf1 cxd6 25. Rc7+ Ke6 26. Qc6 Qd3+ 27. Ke1 Qb1+ 28. Ke2 Qxb2+ 29. Ke1 Qa1+ 30. Kf2 Qxa2+ 31. Kg1 Rxg3+ 32. hxg3 Rxg3+ 33. Kf1 Qg2+ 34. Ke1 Qg1+ 35. Ke2 Qe3+ 36. Kd1 Rg1+ 37. Kc2 Rc1+ 0-1


[Site "https://www.chess.com"]

[Event "Titled Tuesday Blitz October 25 Late 2022"]
[White "Barash, Anton"]
[Black "Roque Sola, Gisela"]
[WhiteFideId "30935229"]
[BlackFideId "5120241"]
[WhiteElo "2269"]
[BlackElo "1961"]
[Result "1-0"]
[Round "08"]
[TimeControl "180+1"]
[Date "2022.10.26"]
[WhiteClock "0:00:02"]
[BlackClock "0:00:03"]

1. e4 e6 2. d4 d5 3. Nc3 Nf6 4. Bg5 dxe4 5. Nxe4 Be7 6. Bxf6 gxf6 7. Qd2 h6 8. Nf3 b6 9. Bb5+ c6 10. Bc4 Bb7 11. O-O-O Qc7 12. Rhe1 Nd7 13. Kb1 O-O-O 14. Qe2 Kb8 15. a4 Rhg8 16. g3 f5 17. Ned2 Nf6 18. Ba6 Nd5 19. Bxb7 Kxb7 20. Nc4 Bf6 21. Nce5 h5 22. h4 f4 23. Rg1 fxg3 24. fxg3 Rg7 25. Rd3 Rdg8 26. Nd2 Nf4 27. gxf4 Rxg1+ 28. Ka2 Bxh4 29. Qxh5 Bg3 30. Qf3 Bh4 31. Ne4 f5 32. Nd2 Qd6 33. Ndc4 Qd5 34. Qxd5 exd5 35. Nd6+ Kc7 36. Ndf7 R8g7 37. Rc3 1-0


[Site "https://www.chess.com"]

[Event "Titled Tuesday Blitz October 25 Late 2022"]
[White "Barbero Sendic, Alejandro"]
[Black "Averjanov, Alexey"]
[WhiteFideId "3001288"]
[BlackFideId "14109867"]
[WhiteElo "2314"]
[BlackElo "2674"]
[Result "1-0"]
[Round "08"]
[TimeControl "180+1"]
[Date "2022.10.26"]
[WhiteClock "0:01:38"]
[BlackClock "0:00:50"]

1. d4 d5 2. Nc3 Nf6 3. Bf4 a6 4. e3 e6 5. Bd3 c5 6. dxc5 Bxc5 7. Nf3 Nc6 8. O-O O-O 9. e4 Nb4 10. e5 Nxd3 11. Qxd3 Nd7 12. Ng5 g6 13. Qh3 h5 14. g4 Be7 15. Nf3 hxg4 16. Qxg4 Kg7 17. Kh1 Rh8 18. Rg1 b5 19. Ne2 d4 20. Nexd4 Bb7 21. Nxe6+ Kg8 22. Nxd8 Rxd8 23. e6 Nf6 24. exf7+ Kxf7 25. Qxg6+ Kf8 26. Qg7+ Ke8 27. Qxh8+ Bf8 28. Qxf6 Bxf3+ 29. Rg2 1-0


[Site "https://www.chess.com"]

[Event "Titled Tuesday Blitz October 25 Late 2022"]
[White "Barria Zuniga, Daniel"]
[Black "Rios Escobar, Adan"]
[WhiteFideId "3400816"]
[BlackFideId "3403645"]
[WhiteElo "2414"]
[BlackElo "2381"]
[Result "1-0"]
[Round "08"]
[TimeControl "180+1"]
[Date "2022.10.26"]
[WhiteClock "0:00:19"]
[BlackClock "0:00:09"]

1. d4 Nf6 2. c4 g6 3. Nc3 Bg7 4. e4 d6 5. Be2 O-O 6. Bg5 Na6 7. Qd2 e5 8. d5 Qe8 9. f3 h5 10. h3 Nh7 11. g4 Nxg5 12. Qxg5 hxg4 13. hxg4 Qd8 14. Qd2 c6 15. Nh3 cxd5 16. cxd5 Bd7 17. O-O-O Rc8 18. Kb1 Qa5 19. Nf2 b5 20. Nxb5 Qxd2 21. Rxd2 Bxb5 22. Bxb5 Nc5 23. Bc6 Rb8 24. Nd3 Nxd3 25. Rxd3 Bf6 26. Ra3 Kg7 27. Rxa7 Rh8 28. Rxh8 Rxh8 29. a4 Rh1+ 30. Ka2 Kf8 31. a5 Rh3 32. b4 Rxf3 33. b5 Bg5 34. b6 Rf2+ 35. Kb1 Rf1+ 36. Kc2 Rf2+ 37. Kd3 Rd2+ 38. Kc3 Rd1 39. b7 Be3 40. b8=Q+ Kg7 41. Rd7 1-0


[Site "https://www.chess.com"]

[Event "Titled Tuesday Blitz October 25 Late 2022"]
[White "Baskakov, Egor"]
[Black "Paravyan, David"]
[WhiteFideId "24197866"]
[BlackFideId "4194985"]
[WhiteElo "2211"]
[BlackElo "2555"]
[Result "0-1"]
[Round "08"]
[TimeControl "180+1"]
[Date "2022.10.26"]
[WhiteClock "0:00:02"]
[BlackClock "0:00:04"]

1. e4 e5 2. Nc3 Nf6 3. g3 d5 4. exd5 Nxd5 5. Bg2 Nxc3 6. bxc3 Bd6 7. d3 O-O 8. Ne2 Nc6 9. Rb1 Re8 10. O-O Bc5 11. Be3 Bb6 12. c4 Nd4 13. Nxd4 exd4 14. Bf4 c6 15. a4 Bc5 16. Qh5 Qe7 17. Bg5 Qe5 18. Qh4 h6 19. Bf4 Qe7 20. Qh5 Bb4 21. Be4 Bc3 22. a5 a6 23. Rb3 Qd8 24. Rxc3 dxc3 25. Qc5 Bg4 26. Rb1 Qd7 27. Be5 f6 28. Bxc3 Rad8 29. Qb6 Rxe4 30. dxe4 Bf3 31. Qe3 Qg4 32. e5 fxe5 33. Qxe5 Rd7 34. Qe8+ Kh7 35. Qe3 Rf7 36. Qd3+ Be4 37. Qd1 Qf5 38. Qe2 Bxc2 39. Re1 Bd3 40. Qe3 Bxc4 41. Qe4 Qxe4 42. Rxe4 Bd5 43. Re5 Rd7 44. f4 Kg8 45. Kf2 Kf7 46. Ke3 g6 47. h4 Be6 48. h5 Bf5 49. hxg6+ Kxg6 50. Bd4 h5 51. Re8 Kf7 52. Re5 Bg4 53. Bc5 Kf6 54. Bd4 Kg6 55. Bc5 Rd1 56. Bd4 Rb1 57. Rg5+ Kh6 58. Bg7+ Kh7 59. Be5 Rb3+ 60. Kd4 Rxg3 61. Kc5 h4 62. Kd6 h3 63. Ke7 h2 64. Kf8 h1=Q 65. Rg8 Qd5 66. Rg7+ Kh6 67. Re7 Qd8+ 68. Kf7 Qxe7+ 0-1


[Site "https://www.chess.com"]

[Event "Titled Tuesday Blitz October 25 Late 2022"]
[White "Bayo Milagro, Alvaro"]
[Black "Mendez Fortes, Eduardo Jesus"]
[WhiteFideId "22275240"]
[BlackFideId "3502376"]
[WhiteElo "2270"]
[BlackElo "2307"]
[Result "0-1"]
[Round "08"]
[TimeControl "180+1"]
[Date "2022.10.26"]
[WhiteClock "0:00:01"]
[BlackClock "0:00:15"]

1. e4 e5 2. Nf3 Nc6 3. Bb5 Nf6 4. d3 Bc5 5. O-O d6 6. c3 O-O 7. Nbd2 Bb6 8. Re1 Ne7 9. Nf1 c6 10. Ba4 Ng6 11. Ng3 Re8 12. d4 h6 13. h3 Bc7 14. Bb3 b5 15. Be3 a5 16. a4 Rb8 17. axb5 cxb5 18. Bc2 Bb7 19. d5 Bb6 20. Nf5 Bc8 21. g4 Bxf5 22. gxf5 Nf4 23. Bxf4 exf4 24. Nd4 Nd7 25. Qg4 Qf6 26. Nc6 Ra8 27. Qxf4 Ne5 28. Nxe5 Rxe5 29. Kh1 Rae8 30. f3 b4 31. cxb4 axb4 32. Ra6 Bc5 33. Rea1 R5e7 34. Ba4 Rf8 35. Bc6 Qxb2 36. f6 Re5 37. Ra8 Rxa8 38. Rxa8+ Kh7 39. Qg4 Rg5 40. fxg7 0-1


[Site "https://www.chess.com"]

[Event "Titled Tuesday Blitz October 25 Late 2022"]
[White "Bogaudinov, Rushan"]
[Black "Sivakumar, Shaaketh"]
[WhiteFideId "4129288"]
[BlackFideId "30940176"]
[WhiteElo "1945"]
[BlackElo "2174"]
[Result "0-1"]
[Round "08"]
[TimeControl "180+1"]
[Date "2022.10.26"]
[WhiteClock "0:00:11"]
[BlackClock "0:00:07"]

1. e4 e6 2. Nf3 d5 3. e5 c5 4. b4 c4 5. c3 a5 6. b5 a4 7. d3 cxd3 8. Bxd3 Nd7 9. O-O Nc5 10. Bc2 Bd7 11. Na3 Ne7 12. Rb1 Ng6 13. g3 Be7 14. h4 O-O 15. h5 Nh8 16. h6 g6 17. c4 dxc4 18. Nxc4 Qc7 19. Bf4 Rac8 20. Nd6 Rcd8 21. Qe2 f5 22. Rfc1 b6 23. Bxa4 Nf7 24. Nxf7 Kxf7 25. Bb3 Bc8 26. Ng5+ Bxg5 27. Bxg5 Rd7 28. Bf4 Bb7 29. Rd1 Rfd8 30. Rd6 Ba8 31. Rbd1 Qb7 32. f3 Qxf3 33. Qxf3 Bxf3 34. R1d2 Be4 35. Bg5 Rxd6 36. exd6 Rd7 37. Bc4 Nb7 38. Bf4 Kf6 39. Be3 Rxd6 40. Rxd6 Nxd6 41. Be2 Nc8 42. a4 Ke5 43. Bd2 Kd6 44. a5 bxa5 45. Bxa5 e5 46. Bb4+ Kc7 47. Bc3 Kd6 48. Bb4+ Ke6 49. Bc5 Bd5 50. Kf2 Kd7 51. Ke3 Kc7 52. Bf3 e4 53. Bd1 Nd6 54. Bxd6+ Kxd6 55. Kd4 Bb7 56. g4 f4 57. g5 f3 58. Ke3 Kc5 59. Bb3 Bd5 60. Bc2 Kxb5 61. Bd1 Kb4 62. Kf2 Kc3 63. Ke3 Bc6 64. Kf2 Kd2 65. Bb3 e3+ 66. Kf1 e2+ 67. Kg1 e1=Q+ 68. Kh2 Qh1+ 69. Kg3 f2 70. Kf4 f1=Q+ 71. Ke5 Qf5+ 72. Kd6 Qhe4 73. Be6 Qfxe6+ 74. Kc5 Q6d5+ 75. Kb6 Qb4+ 76. Kc7 Qd7# 0-1


[Site "https://www.chess.com"]

[Event "Titled Tuesday Blitz October 25 Late 2022"]
[White "Bordi, Kevin"]
[Black "Andreikin, Dmitry"]
[WhiteFideId "621862"]
[BlackFideId "4158814"]
[WhiteElo "2827"]
[BlackElo "2736"]
[Result "1-0"]
[Round "08"]
[TimeControl "180+1"]
[Date "2022.10.26"]
[WhiteClock "0:00:13"]
[BlackClock "0:00:05"]

1. e4 c5 2. Nf3 Nc6 3. Bc4 e6 4. O-O Nf6 5. Re1 Nxe4 6. Rxe4 d5 7. Bxd5 Qxd5 8. Nc3 Qd7 9. d4 cxd4 10. Nxd4 Be7 11. Qg4 Bf6 12. Nxc6 Qxc6 13. Bg5 Bxc3 14. bxc3 b6 15. Rd1 Bb7 16. f3 h5 17. Qg3 Qxc3 18. Red4 Bd5 19. Qd6 Qc5 20. Qe5 f6 21. Bxf6 gxf6 22. Qxf6 Rf8 23. Qg6+ Ke7 24. Qg5+ Kd7 25. c4 Rg8 26. Qxh5 Kc8 27. cxd5 Kb7 28. Qf7+ Ka6 29. Qxe6 Rae8 30. Qc6 Re2 31. g3 Rh8 32. Qxc5 bxc5 33. R4d2 Rhxh2 34. Rxe2 Rxe2 35. d6 Re8 36. d7 Rd8 37. g4 c4 38. g5 Kb5 39. f4 c3 40. f5 Kc4 41. f6 c2 42. Rc1 Kd3 43. g6 Rxd7 44. g7 Kc3 45. Rxc2+ Kxc2 46. g8=Q 1-0


[Site "https://www.chess.com"]

[Event "Titled Tuesday Blitz October 25 Late 2022"]
[White "Caruana, Fabiano"]
[Black "Kamsky, Gata"]
[WhiteFideId "2020009"]
[BlackFideId "2000024"]
[WhiteElo "2847"]
[BlackElo "2666"]
[Result "1-0"]
[Round "08"]
[TimeControl "180+1"]
[Date "2022.10.26"]
[WhiteClock "0:01:22"]
[BlackClock "0:01:06"]

1. c4 g6 2. g3 Bg7 3. Bg2 Nf6 4. Nc3 O-O 5. d4 c6 6. e4 d6 7. Nge2 Nbd7 8. O-O a6 9. a4 a5 10. h3 e5 11. d5 cxd5 12. cxd5 Nc5 13. Be3 b6 14. Nc1 Ne8 15. Re1 f5 16. exf5 Bxf5 17. Nb3 Nc7 18. Nxc5 bxc5 19. g4 Bc8 20. Ne4 Rb8 21. b3 Ne8 22. Rc1 Qb6 23. Nxc5 dxc5 24. Bxc5 Qxb3 25. Qxb3 Rxb3 26. Bxf8 1-0


[Site "https://www.chess.com"]

[Event "Titled Tuesday Blitz October 25 Late 2022"]
[White "Castellanos Gomez, Alejandro"]
[Black "Lamaze, Simon"]
[WhiteFideId "22284141"]
[BlackFideId "36069264"]
[WhiteElo "2168"]
[BlackElo "2272"]
[Result "1-0"]
[Round "08"]
[TimeControl "180+1"]
[Date "2022.10.26"]
[WhiteClock "0:00:10"]
[BlackClock "0:01:34"]

1. d4 Nf6 2. Bf4 d5 3. e3 c5 4. c3 Nc6 5. Nd2 e6 6. Ngf3 Nh5 7. Bg5 f6 8. Bh4 g6 9. Be2 cxd4 10. cxd4 Be7 11. O-O Bd7 12. Ne1 Ng7 13. Nd3 h5 14. Nf4 Kf7 15. Bd3 g5 16. Bg6+ Kg8 17. Nxh5 gxh4 18. Qg4 f5 19. Bf7+ Kxf7 20. Qxg7+ Ke8 21. Qxh8+ Bf8 22. Nf3 Qe7 23. Nf6+ Kd8 24. Rac1 Kc7 25. Ne5 Be8 26. Qxh4 Rd8 27. Nxe8+ Rxe8 28. Qxe7+ Bxe7 29. Nxc6 bxc6 30. Rc2 Rb8 31. Rfc1 Rb6 32. b3 Kd7 33. g3 Bf6 34. h4 Ra6 35. Kg2 Be7 36. Kh3 c5 37. dxc5 Kc6 38. b4 Ra3 39. Rb2 a6 40. Rcc2 Bf6 41. Rb3 Ra4 42. h5 e5 43. g4 fxg4+ 44. Kxg4 d4 45. exd4 exd4 46. Kf5 Bh8 47. h6 a5 48. b5+ Kd5 49. c6 d3 50. Rxd3+ Bd4 51. Rcd2 Rc4 52. Rxd4+ Rxd4 53. Rxd4+ Kxd4 54. c7 Kc3 55. c8=Q+ 1-0


[Site "https://www.chess.com"]

[Event "Titled Tuesday Blitz October 25 Late 2022"]
[White "Clawitter, Craig"]
[Black "Ibadov, Dashgyn"]
[WhiteFideId "2023105"]
[BlackFideId "24107514"]
[WhiteElo "2251"]
[BlackElo "2208"]
[Result "1-0"]
[Round "08"]
[TimeControl "180+1"]
[Date "2022.10.26"]
[WhiteClock "0:00:01"]
[BlackClock "0:00:01"]

1. e4 e6 2. d4 d5 3. e5 c5 4. c3 Qb6 5. Nf3 Nc6 6. a3 Nh6 7. b4 cxd4 8. cxd4 Nf5 9. Be3 f6 10. exf6 gxf6 11. Bd3 Nxe3 12. fxe3 Bh6 13. Qe2 Bd7 14. Nc3 Ne7 15. O-O O-O-O 16. Kh1 Kb8 17. Nd2 e5 18. dxe5 fxe5 19. Rf7 Qe6 20. Raf1 Ng6 21. R7f6 Qg8 22. Qh5 Bg7 23. Bxg6 Bxf6 24. Rxf6 hxg6 25. Qxe5+ Ka8 26. Nxd5 Rc8 27. Nc7+ Rxc7 28. Qxc7 Qd5 29. Rd6 Qe5 30. Nf3 Qa1+ 31. Ng1 Qe5 32. Nf3 Qa1+ 33. Ng1 Bc8 34. Rd8 Rxd8 35. Qxd8 Qc1 36. Qd4 a6 37. h4 Qxa3 38. Kh2 Qc1 39. Nf3 Bf5 40. Qd8+ Ka7 41. Qd4+ Kb8 42. Ne5 Qc7 43. Qf4 Ka8 44. Nf3 Qd7 45. Ne5 Qe6 46. g4 Bc2 47. Kg3 Qd5 48. h5 gxh5 49. gxh5 Qh1 50. Qh4 Qg1+ 51. Kf4 Qf1+ 52. Nf3 Bd1 53. Qg3 1-0


[Site "https://www.chess.com"]

[Event "Titled Tuesday Blitz October 25 Late 2022"]
[White "Cortes Orihuela, Javier"]
[Black "Marcolino, Daniel Mattos"]
[WhiteFideId "3414329"]
[BlackFideId "2106841"]
[WhiteElo "2080"]
[BlackElo "2097"]
[Result "1-0"]
[Round "08"]
[TimeControl "180+1"]
[Date "2022.10.26"]
[WhiteClock "0:01:46"]
[BlackClock "0:01:23"]

1. d4 Nf6 2. c4 e6 3. g3 d5 4. Nf3 dxc4 5. Bg2 a6 6. Ne5 Nbd7 7. Nxc4 Be7 8. O-O O-O 9. Nc3 Rb8 10. e4 c5 11. d5 exd5 12. exd5 Re8 13. a4 b5 14. axb5 axb5 15. Na5 Rb6 16. Nc6 Qc7 17. Ra7 Qd6 18. Bf4 Ne5 19. Bxe5 Qxe5 20. Nxe5 1-0


[Site "https://www.chess.com"]

[Event "Titled Tuesday Blitz October 25 Late 2022"]
[White "Culum, Sanjin"]
[Black "Schuster, Karsten"]
[WhiteFideId "14420937"]
[BlackFideId "4611071"]
[WhiteElo "2180"]
[BlackElo "2294"]
[Result "1-0"]
[Round "08"]
[TimeControl "180+1"]
[Date "2022.10.26"]
[WhiteClock "0:01:01"]
[BlackClock "0:00:37"]

1. Nf3 d5 2. b3 Nf6 3. Bb2 c6 4. e3 Bg4 5. d4 e6 6. h3 Bh5 7. Bd3 Nbd7 8. Nbd2 Be7 9. c4 a5 10. a3 O-O 11. Qc2 Bg6 12. Bxg6 hxg6 13. O-O b5 14. c5 a4 15. b4 Re8 16. e4 dxe4 17. Nxe4 Nxe4 18. Qxe4 Nf6 19. Qxc6 Qb8 20. Ne5 Rd8 21. Qf3 Rd5 22. g4 Qe8 23. g5 Nd7 24. h4 Rc8 25. Nd3 Rf5 26. Qg2 Qd8 27. f4 Nb8 28. Ne5 Qe8 29. d5 exd5 30. Qxd5 Rd8 31. Qg2 f6 32. Ng4 Rd3 33. gxf6 gxf6 34. Nh6+ Kh7 35. Nxf5 gxf5 36. Rae1 Qf8 37. Qe2 Rg3+ 38. Kh1 Rh3+ 39. Kg2 Rxh4 40. Qxe7+ 1-0


[Site "https://www.chess.com"]

[Event "Titled Tuesday Blitz October 25 Late 2022"]
[White "D`Arruda, Ricardo D."]
[Black "Aghasiyev, Kamal"]
[WhiteFideId "100692"]
[BlackFideId "13402854"]
[WhiteElo "2460"]
[BlackElo "2341"]
[Result "1/2-1/2"]
[Round "08"]
[TimeControl "180+1"]
[Date "2022.10.26"]
[WhiteClock "0:00:08"]
[BlackClock "0:00:04"]

1. d4 d5 2. Nf3 Nf6 3. c4 e6 4. Nc3 Be7 5. Bf4 O-O 6. e3 b6 7. cxd5 Nxd5 8. Nxd5 Qxd5 9. a3 Ba6 10. Bxa6 Nxa6 11. O-O c5 12. Qe2 Qb7 13. Rac1 Rac8 14. h3 cxd4 15. Nxd4 Nc5 16. f3 Rfd8 17. Rfd1 a6 18. e4 b5 19. Be3 Na4 20. Rxc8 Rxc8 21. Rc1 Rxc1+ 22. Bxc1 Bc5 23. Be3 Qb6 24. Qd2 e5 25. Nf5 g6 26. Bxc5 Qxc5+ 27. Ne3 Nxb2 28. Kh2 Qd4 29. Qc1 Nd3 30. Qc8+ Kg7 31. Nd5 Nf4 32. Nxf4 exf4 33. Qxa6 Qa4 34. Qd6 h6 35. Qe5+ Kg8 36. Qe8+ Kg7 37. Qe5+ Kg8 38. Qe8+ Kg7 39. Qe5+ 1/2-1/2


[Site "https://www.chess.com"]

[Event "Titled Tuesday Blitz October 25 Late 2022"]
[White "Danielyan, Vahe"]
[Black "Goncalves, Davi Sulzbacher"]
[WhiteFideId "13304828"]
[BlackFideId "2154510"]
[WhiteElo "2421"]
[BlackElo "2182"]
[Result "0-1"]
[Round "08"]
[TimeControl "180+1"]
[Date "2022.10.26"]
[WhiteClock "0:02:29"]
[BlackClock "0:01:09"]

1. e4 c5 2. Nc3 Nc6 3. Bb5 g6 4. Bxc6 dxc6 5. d3 Bg7 6. Nge2 e5 7. Be3 b6 8. Qd2 Nf6 9. Bh6 O-O 10. Bxg7 Kxg7 11. O-O c4 12. f4 cxd3 13. fxe5 Nxe4 14. Nxe4 dxe2 15. Qxe2 Qd4+ 16. Qf2 Qxe4 17. Qf6+ Kg8 18. Rae1 Qd4+ 19. Kh1 Be6 20. Rf4 Qd2 21. Ref1 Rad8 22. h3 Qe2 23. R1f2 Qe1+ 24. Kh2 Rd2 25. Rf1 Qe2 26. R1f2 Qe3 27. R4f3 Rxf2 28. Rxf2 Qd4 29. Rf4 Qd8 30. Rd4 Qxd4 0-1


[Site "https://www.chess.com"]

[Event "Titled Tuesday Blitz October 25 Late 2022"]
[White "Dardha, Daniel"]
[Black "Jobava, Baadur"]
[WhiteFideId "240990"]
[BlackFideId "13601520"]
[WhiteElo "2528"]
[BlackElo "2582"]
[Result "0-1"]
[Round "08"]
[TimeControl "180+1"]
[Date "2022.10.26"]
[WhiteClock "0:00:06"]
[BlackClock "0:00:55"]

1. e4 e6 2. d4 d5 3. e5 c5 4. c3 Nc6 5. Nf3 Qb6 6. a3 Bd7 7. b4 c4 8. a4 Qc7 9. Nbd2 f6 10. exf6 gxf6 11. g3 Nge7 12. Bg2 Ng6 13. O-O Bd6 14. Re1 O-O-O 15. Nf1 Nce7 16. Ne3 h5 17. b5 h4 18. Ba3 hxg3 19. hxg3 Bxa3 20. Rxa3 Qd6 21. Ra2 Rdg8 22. Nd2 Kd8 23. Nexc4 dxc4 24. Ne4 Qc7 25. Nxf6 Rf8 26. Nxd7 Qxd7 27. Qe2 Nd5 28. Qxc4 Ngf4 29. gxf4 Rfg8 30. f3 Nxf4 31. d5 Nxg2 32. Rxg2 exd5 33. Qd4 Rxg2+ 34. Kxg2 Qh3+ 35. Kf2 Qh2+ 36. Kf1 Qh1+ 37. Ke2 Re8+ 38. Kd3 Qxe1 39. Qxd5+ Kc8 40. Qc5+ Kb8 41. Qd6+ Ka8 42. Kc4 Qe6+ 43. Qxe6 Rxe6 44. Kd5 Rf6 45. Ke4 Kb8 46. f4 Kc7 47. Ke5 Rf8 48. f5 Kd7 49. c4 Rc8 50. Kd5 b6 51. f6 Rc5+ 52. Kd4 Ke6 53. a5 Kxf6 54. Kc3 Ke5 55. axb6 axb6 0-1


[Site "https://www.chess.com"]

[Event "Titled Tuesday Blitz October 25 Late 2022"]
[White "Dauw, Sterre"]
[Black "Curtis, John"]
[WhiteFideId "248886"]
[BlackFideId "3200256"]
[WhiteElo "2187"]
[BlackElo "2203"]
[Result "0-1"]
[Round "08"]
[TimeControl "180+1"]
[Date "2022.10.26"]
[WhiteClock "0:01:50"]
[BlackClock "0:00:55"]

1. e4 c5 2. Nf3 d6 3. d4 cxd4 4. Nxd4 Nf6 5. Nc3 a6 6. Bg5 e6 7. f4 Nbd7 8. Qf3 Qc7 9. O-O-O b6 10. e5 Bb7 11. Qh3 dxe5 12. Nxe6 fxe6 13. Qxe6+ Be7 14. Bc4 O-O-O 15. Qxe7 Qxc4 16. fxe5 Rhe8 17. exf6 gxf6 18. Qxh7 fxg5 19. Kb1 Bxg2 20. Rhg1 Bf3 21. Rd6 Qc5 22. Rgd1 Bxd1 23. Rxd1 Ne5 24. Rc1 Nc4 25. Qa7 Na3+ 26. bxa3 Qxc3 27. Qa8+ Kc7 28. Qa7+ Kc6 29. Qxa6 Rd5 30. a4 Ra5 0-1


[Site "https://www.chess.com"]